 Dungeon Crawl Stone Soup version 0.19-a0-805-g0a78ef0 (webtiles) character file.

1 ololoev the Vexing (level 1, 7/16 HPs)
             Began as a Ghoul Arcane Marksman on June 27, 2016.
             Quit the game on level 1 of the Dungeon.
             The game lasted 00:00:19 (12 turns).

ololoev the Vexing (Ghoul Arcane Marksman)            Turns: 12, Time: 00:00:20

Health: 7/16       AC:  2    Str: 14    XL:     1   Next: 20%
Magic:  1/1        EV: 12    Int:  8    God:
Gold:   0          SH:  0    Dex:  8    Spells: 1 memorised, 1 level left

rFire  . . .     SeeInvis .     (no weapon)
rCold  + . .     Gourm    .     a - +0 robe
rNeg   + + +     Faith    .     (no shield)
rPois  ∞         Spirit   .     (no helmet)
rElec  .         Dismiss  .     (no cloak)
rCorr  .         Reflect  .     (no gloves)
SustAt .         Harm     .     (no boots)
MR     .....                    (no amulet)
Stlth  +.........               (no ring)
                                (no ring)

@: rotting, not resistant to hostile enchantments, very unstealthy
A: rotting body, claws 1, carnivore 3, cold resistance 1, negative energy
resistance 3, slow regeneration 1, torment resistance, unbreathing
a: no special abilities


Innate Abilities, Weirdness & Mutations

Your body is rotting away.
You thrive on raw meat.
You are immune to poison.
You have sharp fingernails.
You are carnivorous and can eat meat at any time.
Your flesh is cold resistant. (rC+)
You are immune to negative energy. (rN+++)
You regenerate slowly when monsters are visible.
You are immune to unholy pain and torment.
You can survive without breathing.

Inventory:

Missiles
 d - 2 throwing nets (quivered)
Armour
 a - a +0 robe (worn)
Books
 b - a book of Debilitation

   Spells                             Type                      Level
   a - Corona                         Hexes                        1
   b - Slow                           Hexes                        2
   c - Gell's Gravitas                Hexes/Translocation          3
   d - Inner Flame                    Hexes/Fire                   3
   e - Cause Fear                     Hexes                        4
   f - Leda's Liquefaction            Hexes/Earth                  4
Comestibles
 f - a meat ration


   Skills:
 - Level 1.1 Fighting
 + Level 1.8 Throwing
 + Level 0.1 Armour
 - Level 1.7 Dodging
 - Level 1.0 Spellcasting
 - Level 2.4 Hexes


You had one spell level left.
You knew the following spells:

 Your Spells              Type           Power        Failure   Level  Hunger
a - Corona                Hex            #......      17%         1    ##.....


You were on level 1 of the Dungeon.
You were not hungry.

You visited 1 branch of the dungeon, and saw 1 of its levels.

#. #. #.# #..
#..######
#####..#@...#
......KKK..<#
......K'....#
.......#....#
.(.....######
.......
.......
.......
#######

Notes
Turn   | Place    | Note
--------------------------------------------------------------
     0 | D:1      | ololoev the Ghoul Arcane Marksman began the quest for the Orb.
     0 | D:1      | Reached XP level 1. HP: 16/16 MP: 1/1
    12 | D:1      | Quit the game

Dungeon Overview and Level Annotations

Branches:
Dungeon (1/15)

Altars:


Message History

Welcome, ololoev the Ghoul Arcane Marksman.
It is said that the Orb of Zot exists deep within this dungeon.
Press ? for a list of commands and other information.
Found a staircase leading out of the dungeon.
As you open the large door, it creaks loudly!
A kobold comes into view.
You hear a shout! x3 2 kobolds come into view.
There are monsters nearby!
There are monsters nearby!
There are monsters nearby!
There are monsters nearby!
There are monsters nearby!
There are monsters nearby!
There are monsters nearby!
There are monsters nearby!
A hobgoblin and a kobold come into view.
A hobgoblin and 3 kobolds come into view.
There is a large open door here.
Press: ? - help, v - describe, . - travel
Here: a kobold, wielding an enchanted whip The floor.
Throwing (i - inventory. (,) - cycle):
c - 5 javelins (quivered)
Press: ? - help, Shift-Dir - straight line, f - kobold
Aim: a kobold, wielding an enchanted whip You throw a javelin.
The javelin hits the hobgoblin.
The hobgoblin is almost dead.
The hobgoblin barely misses you.
A hobgoblin and 4 kobolds come into view.
Throwing (i - inventory. (,) - cycle):
c - 4 javelins (quivered)
Press: ? - help, Shift-Dir - straight line, f/p - kobold
Aim: a kobold, wielding an enchanted whip You throw a javelin.
The javelin hits the hobgoblin but does no damage.
The hobgoblin is almost dead.
The kobold hits you. The hobgoblin hits you. The kobold hits you.
Throwing (i - inventory. (,) - cycle):
c - 3 javelins (quivered)
Press: ? - help, Shift-Dir - straight line, f/p - kobold
Aim: a kobold, wielding an enchanted whip You throw a javelin.
The javelin hits the hobgoblin.
You kill the hobgoblin!
The kobold throws a stone.
The stone hits you but does no damage. The kobold barely misses you.
Throwing (i - inventory. (,) - cycle):
c - 2 javelins (quivered)
Press: ? - help, Shift-Dir - straight line, f/p - kobold
Aim: a kobold, wielding an enchanted whip You throw a javelin.
The javelin barely misses the kobold.
The kobold throws a stone.
The stone hits you but does no damage. The kobold closely misses you.
Throwing (i - inventory. (,) - cycle):
c - a javelin (quivered)
Press: ? - help, Shift-Dir - straight line, f/p - kobold
Aim: a kobold, wielding an enchanted whip You throw a javelin.
The javelin closely misses the kobold. x2
The kobold closely misses you. x2; The kobold misses you.
Unknown command.
Are you sure you want to abandon this character and quit the game? (Confirm with "yes".)

You could see 4 kobolds.

Vanquished Creatures
  A hobgoblin (D:1)
1 creature vanquished.

Action                   || total
-------------------------++-------
Throw: Javelin           ||     5
Dodge: Dodged            ||     6

Vault maps used:
D:1:      sevenhm_arrival_forest_fort_small_6, minmay_misc_feat_secret_circle
